AoeStats
← Creative Curl

Arabia

509786289Analyzed
1v1 RM · 4d ago on Sep 28, 2026· 48m 13s· 2 players
Game mode
Random Map
Map size
Tiny (2 player)
Population
200
Speed
Normal
Resources
Standard
Victory
Conquest
Starting age
Dark Age
Ending age
Imperial Age
RankedLock teamsTeams togetherTeam positionsShared explorationLock speedFull tech treeHidden civsTurbo modeCheats
Victory
Defeat
🇺🇾 Gurjaras · Uruguay
958
+15
🇧🇷 Persians · Brazil
934
-15
M.Lutero
9:22 Feudal Age
9:22 Loom
10:23 Double-Bit Axe
16:48 Wheelbarrow
20:11 Castle Age
19:23 Bloodlines
19:25 Scale Barding Armor
19:18 Horse Collar
20:22 Wheelbarrow
20:38 Forging
21:12 Husbandry
21:27 Gold Mining
21:42 Husbandry
22:40 Bow Saw
24:39 Pikeman
25:21 Squires
25:34 Scale Mail Armor
27:36 Chain Barding Armor
30:09 Hand Cart
30:20 Husbandry
30:44 Town Watch
31:46 Town Patrol
35:27 Imperial Age
33:13 Gambesons
33:52 Chain Mail Armor
34:13 Fletching
34:46 Crossbowman
35:57 Bodkin Arrow
37:51 Thumb Ring
37:51 Kamandaran
37:18 Cavalier
38:18 Heavy Plow
39:02 Padded Archer Armor
39:42 Ballistics
39:56 Plate Mail Armor
41:46 Halberdier
43:41 Plate Barding Armor
43:22 Leather Archer Armor
43:44 Iron Casting
43:42 Savar
45:53 Masonry
47:37 Conscription
Creative Curl
5:46 Loom
9:58 Feudal Age
12:28 Double-Bit Axe
12:25 Horse Collar
20:26 Castle Age
20:46 Bloodlines
20:48 Gold Mining
20:53 Stone Mining
21:09 Husbandry
24:01 Forging
23:57 Scale Barding Armor
29:26 Iron Casting
33:37 Kshatriyas
34:09 Scale Mail Armor
34:30 Chain Barding Armor
35:59 Chain Mail Armor
36:45 Wheelbarrow
38:53 Imperial Age
40:18 Hoardings
39:59 Elite Chakram Thrower
42:04 Heavy Camel Rider
43:16 Plate Mail Armor
43:22 Plate Barding Armor
42:53 Heavy Plow
43:35 Gold Shaft Mining
43:27 Bow Saw
44:00 Conscription
Connection lost

Rejoining the realm…

Still unreachable

The connection could not be restored.

Session expired

The server has moved on; the page needs a fresh start.